 Dungeon Crawl Stone Soup version 0.18-a0-1405-g73f4075 (webtiles) character file.

83 Tomstefer the Conjurer (level 4, 0/24 HPs)
             Began as a Tengu Conjurer on Feb 24, 2016.
             Succumbed to an adder's poison
             ... on level 2 of the Dungeon.
             The game lasted 00:04:22 (1996 turns).

Tomstefer the Conjurer (Tengu Conjurer)             Turns: 1996, Time: 00:04:23

Health: 0/24       AC:  2    Str:  8    XL:     4   Next: 44%
Magic:  1/8        EV: 12    Int: 16    God:
Gold:   76         SH:  0    Dex: 15    Spells: 1 memorised, 6 levels left

rFire  . . .     SeeInvis .     e - +0 whip
rCold  . . .     Gourm    .     a - +0 robe
rNeg   . . .     Faith    .     (no shield)
rPois  .         Spirit   .     (helmet restricted)
rElec  .         Dismiss  .     (no cloak)
rCorr  .         Reflect  .     (no gloves)
SustAt .         Harm     .     (boots unavailable)
MR     .....                    (no amulet)
Stlth  ++........               (no ring)
                                l - +4 ring of slaying

@: lethally poisoned (0 -> -10), not resistant to hostile enchantments,
unstealthy
A: beak, talons 3
a: no special abilities


You were on level 2 of the Dungeon.
You were hungry.

You visited 1 branch of the dungeon, and saw 2 of its levels.

You collected 76 gold pieces.

Inventory:

Hand Weapons
 e - a +0 whip (weapon)
Armour
 a - a +0 robe (worn)
Jewellery
 l - a +4 ring of slaying (left hand)
Scrolls
 g - a scroll of immolation
 h - a scroll of fear
 i - a scroll of enchant weapon {unknown}
 k - 2 scrolls of random uselessness {unknown}
 m - a scroll of identify
Potions
 d - a potion of haste {unknown}
 f - 2 potions of flight {unknown}
Books
 b - a book of Conjurations

   Spells                             Type                      Level
   a - Magic Dart                     Conjuration                  1
   b - Searing Ray                    Conjuration                  2
   c - Dazzling Spray                 Conjuration/Hexes            3
   d - Fulminant Prism                Conjuration/Hexes            4
   e - Iskenderun's Mystic Blast      Conjuration                  4
   f - Iskenderun's Battlesphere      Conjuration/Charms           5
Comestibles
 c - a bread ration
 j - a royal jelly
 n - a meat ration
 o - 3 chunks of flesh


   Skills:
 - Level 2.1 Dodging
 - Level 2.0 Stealth
 - Level 2.0 Spellcasting
 + Level 7.6 Conjurations


You had 6 spell levels left.
You knew the following spells:

 Your Spells              Type           Power        Failure   Level  Hunger
a - Magic Dart            Conj           ####         1%          1    #......


Dungeon Overview and Level Annotations

Branches:
Dungeon (2/15)

Altars:
Ashenzari
Gozag


Innate Abilities, Weirdness & Mutations

You have a beak for a mouth.
You have claws for feet.


Message History

You barely miss the adder.
The adder is almost dead.
The adder bites you.
* * * LOW HITPOINT WARNING * * *
You are poisoned.
The adder poisons you!
You barely miss the adder.
The adder is almost dead.
You feel sick. The adder bites you.
* * * LOW HITPOINT WARNING * * *
You are more poisoned.
The adder poisons you!
* * * LOW HITPOINT WARNING * * *
You feel sick. The adder bites you.
* * * LOW HITPOINT WARNING * * *
You hit the adder.
You kill the adder!
* * * LOW HITPOINT WARNING * * *
You feel sick.
You die...

####### ##8...8
......####.....
......#.#8..... ...
.....)..##..... ...
........##8...8 ....
........# #_## .....
.(..#################.....
........##.....)#.#.......
.#..###......#..@.#.......
.##..####..#...#.#........
.##..# #.##..............
#... ...##.###..........
##..##...... #.#.##.....
#.##.####. ........#.. ..
#....### #..# #.. ......
.## ....## .


There were no monsters in sight!

Vanquished Creatures
  Natasha (D:2)
  An adder (D:2)
  An ooze (D:1)
  A worm (D:2)
  A dart slug (D:1)
  A giant gecko (D:1)
  A ball python (D:2)
  7 bats
  A giant cockroach (D:1)
  4 goblins
  5 hobgoblins
  4 jackals (D:1)
  A quokka (D:2)
  2 giant newts (D:1)
  5 kobolds
  2 rats (D:1)
38 creatures vanquished.

Notes
Turn   | Place    | Note
--------------------------------------------------------------
     0 | D:1      | Tomstefer the Tengu Conjurer began the quest for the Orb.
     0 | D:1      | Reached XP level 1. HP: 10/10 MP: 4/4
   130 | D:1      | Reached XP level 2. HP: 13/15 MP: 1/6
   216 | D:1      | Reached skill level 6 in Conjurations
   926 | D:1      | Reached XP level 3. HP: 19/19 MP: 4/7
  1634 | D:2      | Reached skill level 7 in Conjurations
  1826 | D:2      | Found a shattered altar of Ashenzari.
  1828 | D:2      | Found an opulent altar of Gozag.
  1981 | D:2      | Noticed Natasha
  1989 | D:2      | Killed Natasha
  1989 | D:2      | Reached XP level 4. HP: 12/24 MP: 0/8
  1994 | D:2      | HP: 1/24 [adder (1)]
  1996 | D:2      | Succumbed to an adder's poison

Vault maps used:
D:1:      nicolae_arrival_memento_mori
D:2:      nicolae_overflow_hidden_temple, uniq_natasha

Skill      XL: |  1  2  3 |
---------------+----------+-----
Conjurations   | 6 7 |  7.6
Dodging        | |  2.1
Stealth        | |  2.0
Spellcasting   | |  2.0

Action                   |  1- 3 |  4- 6 || total
-------------------------+-------+-------++-------
Melee: Whip              |    14 |     4 ||    18
 Cast: Magic Dart        |    74 |     1 ||    75
  Use: Scroll            |     3 |       ||     3
  Eat: Chunk             |     4 |       ||     4
